 Dungeon Crawl Stone Soup version 0.19-a0-1886-gd64a0f0 (webtiles) character file.

5 Alarkh the Caller (level 1, -3/13 HPs)
             Began as a Mummy Summoner on Oct 16, 2016.
             Killed from afar by a dart slug (4 damage)
             ... with a slug dart
             ... on level 1 of the Dungeon.
             The game lasted 00:00:36 (349 turns).

Alarkh the Caller (Mummy Summoner)                   Turns: 349, Time: 00:00:37

Health: -3/13      AC:  2    Str: 11    XL:     1   Next: 66%
Magic:  1/3        EV: 12    Int: 14    God:
Gold:   10         SH:  0    Dex: 12    Spells: 1 memorised, 3 levels left

rFire  x . .     SeeInvis .     c - +0 dagger
rCold  + . .     Gourm    .     a - +0 robe
rNeg   + + +     Faith    +     (no shield)
rPois  ∞         Spirit   .     (no helmet)
rElec  .         Dismiss  .     (no cloak)
rCorr  .         Reflect  .     (no gloves)
MR     .....     Harm     .     (no boots)
Stlth  ++........               d - amulet of faith
                                (no ring)
                                (no ring)

@: no status effects
A: no food or potions, fire vulnerability, cold resistance 1, negative energy
resistance 3, torment resistance, unbreathing
a: no special abilities


You were on level 1 of the Dungeon.
You were not hungry.

You visited 1 branch of the dungeon, and saw 1 of its levels.

You collected 10 gold pieces.

Inventory:

Hand Weapons
 c - a +0 dagger (weapon)
Armour
 a - a +0 robe (worn)
Jewellery
 d - an amulet of faith (around neck)
Books
 b - a book of Callings

   Spells                             Type                      Level
   a - Summon Small Mammal            Summoning                    1
   b - Call Imp                       Summoning                    2
   c - Call Canine Familiar           Summoning                    3
   d - Summon Guardian Golem          Hexes/Summoning              3
   e - Summon Lightning Spire         Summoning/Air                4
   f - Summon Ice Beast               Ice/Summoning                4


   Skills:
 - Level 1.5 Dodging
 - Level 1.5 Stealth
 + Level 2.1 Spellcasting
 + Level 3.4 Summonings


You had 3 spell levels left.
You knew the following spells:

 Your Spells              Type           Power        Failure   Level  Hunger
a - Summon Small Mammal   Summ           ##..         10%         1    N/A

Dungeon Overview and Level Annotations

Branches:
Dungeon (1/15)

Altars:


Innate Abilities, Weirdness & Mutations

You do not eat or drink.
Your flesh is vulnerable to fire.
You are immune to poison.
Your flesh is cold resistant. (rC+)
You are immune to negative energy. (rN+++)
You are immune to unholy pain and torment.
You can survive without breathing.


Message History

Your bat hits the giant cockroach but does no damage. x2
The dart slug bites your bat but does no damage.
Your bat hits the giant cockroach but does no damage.
The giant cockroach misses your bat.
Your bat barely misses the giant cockroach.
Your bat hits the giant cockroach but does no damage.
The giant cockroach misses your bat. The dart slug bites your bat.
Your bat dies!
Your bat's corpse disappears in a puff of smoke!
Your bat barely misses the giant cockroach.
Your bat misses the giant cockroach.
Your bat barely misses the giant cockroach.
Your bat closely misses the giant cockroach.
Your bat completely misses the dart slug.
The giant cockroach misses your bat. The dart slug launches a dart at you.
The slug dart misses your bat.
The slug dart misses the giant cockroach.
The slug dart hits you!
You die...

## ##.# #. #.. ...# .. #. #.#
#..# ###...... ..###.##.####..#
#.#...... .#+#......#...^.#..#
#.#....... ..............#@#..#
#.#...#.#.#
...................###.#...#.#..
................b......#...#.#..
.........#....#s#...##.......#..
.......###.##.#.#...#.......##.#
.........#.##.#b#...##.#...###.#
.......)(w....w........#........
.###...)...b...............###.#
..........######...............#


You could see a dart slug, a giant cockroach and 2 friendly bats.

Vanquished Creatures
  2 goblins (D:1)
  A rat (D:1)
3 creatures vanquished.

Vanquished Creatures (collateral kills)
  2 goblins (D:1)
  A kobold (D:1)
3 creatures vanquished.

Grand Total: 6 creatures vanquished

Notes
Turn   | Place    | Note
-------+----------+-------------------------------------------
     0 | D:1      | Alarkh the Mummy Summoner began the quest for the Orb.
     0 | D:1      | Reached XP level 1. HP: 13/13 MP: 3/3
   349 | D:1      | Killed from afar by a dart slug

Vault maps used:
D:1:      ncdulo_halloftheorcs

Action                   || total
-------------------------++-------
Melee: Dagger            ||    14
       Unarmed           ||     2
 Cast: Summon Small Mamm ||     9
 Stab: Distracted        ||     1
Armor: Robe              ||     3
Dodge: Dodged            ||    12
